 Dungeon Crawl Stone Soup version 0.22.1-1-ga44c0e5 (webtiles) character file.

10238 Lauz the Fencer (level 11, -3/76 HPs)
             Began as a Minotaur Berserker on Oct 23, 2018.
             Was a High Priest of Trog.
             Killed from afar by a wretched star (20 damage)
             ... with an orb of energy
             ... on level 1 of the Abyss.
             The game lasted 00:27:20 (12636 turns).

Lauz the Fencer (Minotaur Berserker)               Turns: 12636, Time: 00:27:21

Health: -3/76      AC:  7    Str: 21    XL:     11   Next: 33%
Magic:  0/7        EV: 12    Int:  4    God:    Trog [*****.]
Gold:   605        SH:  0    Dex: 10    Spells: 10/10 levels left

rFire    . . .     SeeInvis .   i - +1 long sword
rCold    . . .     Gourm    .   (no shield)
rNeg     . . .     Faith    .   e - +0 ring mail
rPois    .         Spirit   +   (helmet restricted)
rElec    .         Reflect  .   (no cloak)
rCorr    .         Harm     .   (no gloves)
MR       .....                  (no boots)
Stlth    +.........             D - amulet of guardian spirit
HPRegen  0.22/turn              B - ring of flight
MPRegen  0.10/turn              I - +1 ring of slaying

@: about to teleport
A: retaliatory headbutt, horns 2, [frail 2], [low mp 2], [screaming 2], [weak 2]
a: Berserk, Trog's Hand, Brothers in Arms, Renounce Religion, Evoke Flight


You were on level 1 of the Abyss.
You worshipped Trog.
Trog was extremely pleased with you.
You were not hungry.

You visited 1 branch of the dungeon, and saw 10 of its levels.
You visited the Abyss 1 time.

You collected 605 gold pieces.

Inventory:

Hand Weapons
 a - a +0 falchion
 i - a +1 long sword (weapon)
 w - the +11 war axe of Niehol {freeze, rN+ Int+2}
   (You found it on level 5 of the Dungeon)

   It has been specially enchanted to freeze those struck by it, causing extra
   injury to most foes and up to half again as much damage against particularly
   susceptible opponents.
   It can also slow down cold-blooded creatures.
   It affects your intelligence (+2).
   It protects you from negative energy.
 x - a +3 dagger of chaos
Missiles
 p - 25 poisoned needles
Armour
 b - a +0 animal skin
 e - a +0 ring mail (worn)
 g - a +2 animal skin
 s - a +0 shield
 H - a +0 buckler
Jewellery
 B - a ring of flight (left hand)
 D - an amulet of guardian spirit (around neck)
 G - an uncursed ring of wizardry
 I - a +1 ring of slaying (right hand)
 K - an uncursed ring of poison resistance {unknown}
Wands
 f - a wand of flame (22)
 v - a wand of polymorph (13)
 y - a wand of digging (2)
 L - a wand of random effects (11)
 Q - a wand of disintegration (20)
Scrolls
 d - a scroll of amnesia
 k - 5 scrolls of identify
 l - a scroll of teleportation
 q - 4 scrolls of immolation
 C - 4 scrolls of remove curse
 E - a scroll of enchant armour {unknown}
 J - a scroll of torment {unknown}
 N - a scroll of vulnerability {unknown}
 O - a scroll of silence {unknown}
Potions
 h - a potion of lignification {unknown}
 j - a potion of brilliance {unknown}
 m - 5 potions of curing
 o - 3 potions of mutation {unknown}
 r - 2 potions of might {unknown}
 t - 4 potions of degeneration {unknown}
 u - 4 potions of agility {unknown}
 z - 4 potions of flight {unknown}
 A - a potion of haste {unknown}
 F - 3 potions of heal wounds {unknown}
 M - a potion of cancellation {unknown}
Comestibles
 c - 11 rations


   Skills:
 - Level 8.6 Fighting
 * Level 16.2 Long Blades
 * Level 10.0 Armour
 + Level 3.7 Dodging
 - Level 1.2 Stealth


You had 10 spell levels left.
You didn't know any spells.
Your spell library was empty.

Dungeon Overview and Level Annotations

Branches:
Dungeon (10/15)            Temple (0/1) D:4
   Lair: D:8-11         Orc: D:9-12

Altars:
Ashenzari
Cheibriados
Elyvilon
Qazlal
Xom

Annotations:
D:7 1 runed door
D:10 Sonja


Innate Abilities, Weirdness & Mutations

You reflexively headbutt those who attack you in melee.
You have a pair of horns on your head.
[You are very frail. (-20% HP)]
[Your magical capacity is very low. (-20% MP)]
[You sometimes yell uncontrollably at your foes.]
[You are very weak. (Str -4)]


Message History

Found a wand of random effects (36).
The wretched star pulses with an eldritch light!
You feel weaker. x2; You feel frail. x2
You start resting.
The wretched star is too close now for your liking.
As you read the scroll of fog, it crumbles to dust.
The scroll dissolves into smoke.
As you read the scroll of teleportation, it crumbles to dust.
You feel strangely unstable.
You feel the power of the Abyss delaying your translocation!
The wretched star glows turbulently.
The orb of energy hits you!
* * * LOW HITPOINT WARNING * * *
The wretched star glows turbulently.
The orb of energy misses you.
The wretched star pulses with an eldritch light!
You feel less energetic. x2
The wretched star glows turbulently.
The orb of energy hits you!
You die...

#.#.##..## # ..
#....... .#. .
..#... .... # .
##..#. ./... .#.
#%_#......# ..#####
.......# ##
##.#§§#.§§..##...
... #.#.§§§#§#..##
#
....§#..@##§§###.#
##
........##§§##..#.
.#..#
##...#..#§§#§..
#......#
...#...*#.§#§§##.
*... #
.....###§......#.#.
.## ##.##
#.##.....#....#...
# ... #.##.##.#...
. #. # ..# .###.. #
. ...# ##. . #
.####


You could see a wretched star.

Vanquished Creatures
  Gastronok (D:9)
  2 two-headed ogres (D:9)
  Pikel (D:9)
  Psyche (D:9)
  A gargoyle (D:10)
  An ancient zyme (Abyss:1)
  Prince Ribbit (D:5)
  2 hippogriffs
  Grum (D:9)
  A hungry ghost (D:9)
  Menkaure (D:7)
  A water moccasin (D:9)
  4 sky beasts
  5 ice beasts
  3 orc warriors
  A slave (D:9)
  4 phantoms
  6 ogres
  3 wolves (D:9)
  4 centaurs
  5 bullfrogs
  A wyvern skeleton (D:7)
  3 scorpions
  3 killer bees (D:10)
  7 crimson imps
  2 jellies
  10 hounds
  7 orc priests
  6 bullfrog skeletons
  Jessica (D:2)
  An iguana (D:6)
  Natasha (thrice) (D:4)
  Terence (D:2)
  A gnoll shaman (D:8)
  9 orc wizards
  4 worker ants
  3 hound skeletons
  Robin (D:1)
  14 adders
  A shadow imp (D:5)
  An adder zombie (D:8)
  2 adder skeletons
  2 worms
  2 dart slugs
  4 leopard geckos
  40 orcs
  A ball python (D:1)
  6 giant cockroaches
  20 goblins
  7 hobgoblins
  20 jackals
  5 kobolds
  4 quokkas
  9 bats
  6 frilled lizards
  A leopard gecko zombie (D:9)
  4 rats
  A butterfly (D:4)
262 creatures vanquished.

Notes
Turn   | Place    | Note
-------+----------+-------------------------------------------
     0 | D:1      | Lauz the Minotaur Berserker began the quest for the Orb.
     0 | D:1      | Reached XP level 1. HP: 19/19 MP: 0/0
    41 | D:1      | Reached skill level 4 in Long Blades
    66 | D:1      | Reached XP level 2. HP: 20/27 MP: 1/1
   376 | D:1      | Found a shattered altar of Ashenzari.
   422 | D:1      | Reached ** piety under Trog
   519 | D:1      | Reached XP level 3. HP: 33/33 MP: 2/2
   851 | D:2      | Noticed Robin
   856 | D:2      | Noticed Jessica
   864 | D:1      | HP: 2/51 [goblin/dagger[Robin] (2)]
  1163 | D:1      | Killed Robin
  1163 | D:1      | Reached skill level 5 in Long Blades
  1416 | D:2      | Killed Jessica
  1416 | D:2      | Reached XP level 4. HP: 31/41 MP: 3/3
  1495 | D:2      | Found a white marble altar of Elyvilon.
  1898 | D:2      | Noticed Terence
  1911 | D:2      | Killed Terence
  1911 | D:2      | Reached skill level 5 in Fighting
  1911 | D:2      | Reached skill level 6 in Long Blades
  1911 | D:2      | Reached XP level 5. HP: 39/48 MP: 4/4
  2195 | D:3      | Reached *** piety under Trog
  2213 | D:3      | Found a faded altar of an unknown god.
  2765 | D:4      | Reached skill level 7 in Long Blades
  2765 | D:4      | Reached XP level 6. HP: 53/56 MP: 5/5
  2869 | D:4      | Noticed Natasha
  2869 | D:4      | Noticed a hippogriff
  2873 | D:4      | Killed a hippogriff
  2873 | D:4      | Reached skill level 8 in Long Blades
  2881 | D:4      | Killed Natasha
  2881 | D:4      | Reached XP level 7. HP: 39/62 MP: 6/6
  3047 | D:4      | Found a staircase to the Ecumenical Temple.
  3050 | D:4      | Reached skill level 1 in Stealth
  3118 | D:4      | Noticed Natasha
  3124 | D:4      | Killed Natasha
  3220 | D:4      | Reached skill level 9 in Long Blades
  3354 | D:4      | Noticed Natasha
  3358 | D:4      | Killed Natasha
  3464 | D:4      | Reached **** piety under Trog
  3665 | D:5      | Entered Level 5 of the Dungeon
  3720 | D:5      | Found a snail-covered altar of Cheibriados.
  3811 | D:5      | Reached skill level 10 in Long Blades
  3876 | D:5      | Reached XP level 8. HP: 68/70 MP: 7/7
  4004 | D:5      | Got a smoking war axe
  4143 | D:5      | Identified the +11 war axe of Niehol {freeze, rN+ Int+2}
                  | (You found it on level 5 of the Dungeon)
  4173 | D:5      | Reached skill level 11 in Long Blades
  4476 | D:5      | Noticed Prince Ribbit
  4502 | D:5      | Killed Prince Ribbit
  4502 | D:5      | Reached skill level 12 in Long Blades
  5091 | D:6      | Reached XP level 9. HP: 43/79 MP: 8/8
  5695 | D:6      | Found a shimmering altar of Xom.
  5762 | D:6      | Reached skill level 13 in Long Blades
  5994 | D:7      | Noticed Menkaure
  6001 | D:7      | Killed Menkaure
  6516 | D:7      | Reached ***** piety under Trog
  6551 | D:7      | Found a runed door.
  6551 | D:7      | Noticed a sixfirhy
  6704 | D:7      | Reached skill level 14 in Long Blades
  8087 | D:8      | Reached XP level 10. HP: 53/90 MP: 4/9
  8434 | D:9      | Noticed Grum
  8434 | D:9      | Noticed a two-headed ogre
  9002 | D:9      | Reached skill level 15 in Long Blades
  9045 | D:9      | Noticed Psyche
  9052 | D:9      | Killed Psyche
  9356 | D:9      | Killed Grum
  9356 | D:9      | Reached skill level 5 in Armour
  9651 | D:9      | Killed a two-headed ogre
  9983 | D:9      | Found a stormy altar of Qazlal.
 10315 | D:9      | Noticed a two-headed ogre
 10321 | D:9      | Killed a two-headed ogre
 10745 | D:9      | Noticed Gastronok
 10763 | D:9      | Killed Gastronok
 10763 | D:9      | Reached skill level 16 in Long Blades
 10763 | D:9      | Reached XP level 11. HP: 8/95 MP: 1/10
 11356 | D:9      | Noticed Pikel
 11372 | D:9      | Killed Pikel
 11871 | D:10     | Entered Level 10 of the Dungeon
 11969 | D:10     | Noticed Sonja
 12508 | D:10     | Cast into level 1 of the Abyss (Sonja)
 12512 | Abyss:1  | Found a corrupted altar of Lugonu.
 12579 | Abyss:1  | Reached skill level 10 in Armour
 12601 | Abyss:1  | Found a corrupted altar of Lugonu.
 12616 | Abyss:1  | Noticed a wretched star
 12636 | Abyss:1  | Killed from afar by a wretched star

Skill      XL: |  1  2  3  4  5  6  7  8  9 10 11 |
---------------+----------------------------------+-----
Long Blades    | 4 5 6 7 8 10 12 14 16 | 16.2
Fighting       | 4 5 6 7 8 |  8.6
Stealth        | 1 |  1.2
Armour         | 8 10 | 10.0
Dodging        | 3 |  3.7

Action                   |  1- 3 |  4- 6 |  7- 9 | 10-12 || total
-------------------------+-------+-------+-------+-------++-------
Melee: Falchion          |    83 |     9 |       |       ||    92
       Headbutt          |     8 |    19 |    72 |    49 ||   148
       Long sword        |       |    87 |   365 |   201 ||   653
Invok: Berserk           |     2 |       |     1 |     2 ||     5
       Trog's Hand       |       |       |       |     2 ||     2
  Use: Scroll            |       |       |    14 |     3 ||    17
  Eat: Chunk             |     3 |     5 |    14 |     4 ||    26
       Ration            |       |       |     1 |     5 ||     6
Armor: Animal skin       |     6 |       |       |       ||     6
       Ring mail         |    29 |    39 |    92 |    47 ||   207
Dodge: Dodged            |    67 |    52 |   133 |   101 ||   353
       Rpst.: Falchion   |    19 |       |       |       ||    19
       Long sword        |       |    19 |    40 |    26 ||    85
